 Dungeon Crawl Stone Soup version 0.29-a0-284-gf9362112df (webtiles) character file.

Game seed: 8148399970540217677

43 mistaj the Chopper (level 3, -1/29 HPs)
             Began as a Demonspawn Monk on Mar 22, 2022.
             Blown up by Ijyb (10 damage)
             ... with a mindburst bolt
             ... on level 3 of the Dungeon.
             The game lasted 00:03:12 (2050 turns).

mistaj the Chopper (Demonspawn Monk)                Turns: 2050, Time: 00:03:12

Health: -1/29      AC:  8    Str: 13    XL:     3   Next: 37%
Magic:  3/3        EV: 11    Int: 11    God:
Gold:   63         SH:  0    Dex: 15    Spells: 2/2 levels left

rFire   . . .      SeeInvis .   a - +0 hand axe
rCold   . . .      Faith    .   (no shield)
rNeg    . . .      Spirit   .   i - +0 ring mail
rPois   +          Reflect  .   (no helmet)
rElec   .          Harm     .   (no cloak)
rCorr   .          Rampage  .   g - +0 pair of gloves
Will    .....                   (no boots)
Stlth   +.........              (no amulet)
HPRegen 0.09/turn               b - ring of poison resistance
MPRegen 0.08/turn               (no ring)

@: no status effects
A: molten scales 1
a: no special abilities


You were on level 3 of the Dungeon.
You visited 1 branch of the dungeon, and saw 3 of its levels.

You collected 63 gold pieces.

Inventory:

Hand Weapons
 a - a +0 hand axe (weapon)
Armour
 g - a +0 pair of gloves (worn)
 i - a +0 ring mail (worn)
Jewellery
 b - a ring of poison resistance (left hand)
Scrolls
 d - 2 scrolls of identify {unknown}
 e - a scroll of magic mapping {unknown}
 j - a scroll of teleportation {unknown}
Potions
 c - a potion of ambrosia
 f - 3 potions of curing {unknown}
 h - a potion of magic {unknown}
 k - a potion of lignification {unknown}


   Skills:
 + Level 3.5 Fighting
 * Level 3.6 Axes
 - Level 2.6 Dodging
 - Level 1.7 Stealth


You had 2 spell levels left.
You didn't know any spells.
Your spell library was empty.

Dungeon Overview and Level Annotations

Branches:
Dungeon (3/15)

Altars:
Nemelex Xobeh

Shops:
D:2 (

Annotations:
D:2 Sigmund
D:3 Ijyb


Innate Abilities, Weirdness & Mutations

You are partially covered in molten scales. (AC +2)


Message History

Found a fizzy emerald potion.
k - a fizzy emerald potion
Found a plate armour.
A hobgoblin comes into view.
The hobgoblin shouts!
You hear a shout!
You hit the hobgoblin but do no damage. The hobgoblin closely misses you.
You barely miss the hobgoblin.
Ijyb the Twisted Goblin comes into view.
She is wielding a +1 dagger of holy wrath and carrying a wand of mindburst (9).
The hobgoblin hits you but does no damage.
The hobgoblin closely misses you.
Ijyb moves out of view.
You hit the hobgoblin but do no damage. You barely miss the hobgoblin.
The hobgoblin hits you but does no damage.
You hit the hobgoblin.
You kill the hobgoblin!
Found a plate armour.
You hit Ijyb.
Ijyb is lightly wounded.
Ijyb hits you with a +1 dagger of holy wrath.
You convulse.
You hit Ijyb but do no damage.
Ijyb is lightly wounded.
Ijyb hits you but does no damage.
You miss Ijyb.
Ijyb is lightly wounded.
Ijyb hits you with a +1 dagger of holy wrath.
You convulse.
You barely miss Ijyb. You punch Ijyb.
Ijyb is lightly wounded.
Ijyb zaps a wand.
Your mind is blasted!
A rat comes into view.
You hit Ijyb but do no damage.
Ijyb is lightly wounded.
Ijyb hits you with a +1 dagger of holy wrath.
You convulse.
Ijyb hits you but does no damage.
You are too injured to fight recklessly!
Ijyb attacks as you move away!
Ijyb hits you with a +1 dagger of holy wrath.
You convulse.
Ijyb zaps a wand.
Your mind is blasted!
You die...

###.###..#.........
#.# #..#...#####
#.# #....#.# #.#
##>..#.## # #.#
#...#..## # #.#
#.#.....# # #..
#....##..# #
#...####..### #####
... #..†@...# .....
.. #.......# .....
.......gr...# ###>.
.......##..## # #
....... .... #
...###. .#...[ ..#
## .....# . .###..
.#


You could see Ijyb and a rat.

Vanquished Creatures
  An adder (D:2)
  2 dart slugs
  3 ball pythons
  2 endoplasms (D:1)
  4 hobgoblins
  3 kobolds
  A quokka (D:2)
  A bat (D:2)
  2 frilled lizards (D:2)
  6 goblins
  2 rats
27 creatures vanquished.

Notes
Turn   | Place    | Note
-------+----------+-------------------------------------------
     0 | D:1      | mistaj the Demonspawn Monk began the quest for the Orb.
     0 | D:1      | Reached XP level 1. HP: 18/18 MP: 1/1
   478 | D:1      | Found a faded altar of an unknown god.
   569 | D:1      | Gained mutation: You are partially covered in molten
                  | scales. (AC +2) [demonic ancestry]
   569 | D:1      | Reached XP level 2. HP: 20/24 MP: 2/2
  1287 | D:2      | Found Haor's Antique Weapon Shoppe.
  1357 | D:2      | Noticed Sigmund
  1547 | D:2      | Found a sparkling altar of Nemelex Xobeh.
  1799 | D:2      | Reached XP level 3. HP: 29/29 MP: 3/3
  2040 | D:3      | Noticed Ijyb
  2050 | D:3      | Blown up by Ijyb

Illustrated notes

Levels and vault maps discovered:
D:1:      nzn_arrival_crosshair, layout_loops_ring,
          chequers_ecumenical_altar_simple_redux
D:2:      layout_basic, serial_shops, shop_fountains, basic_altar, uniq_sigmund
D:3:      layout_rooms, hangedman_decor_lopped, uniq_ijyb, uniq_grinder

Skill      XL: |  1 |
---------------+----+-----
Axes           | 3 |  3.6
Fighting       | |  3.5
Dodging        | |  2.6
Stealth        | |  1.7

Action                   || total
-------------------------++-------
Melee: Hand axe          ||    97
       Punch             ||     1
 Stab: Sleeping          ||     3
Armor: Robe              ||     6
       Ring mail         ||    16
       Leather armour    ||     8
Dodge: Dodged            ||    49

Table legend: (Time is in decaauts)
 A = Elapsed time spent in this place.
 B = Non-inter-level travel time spent in this place.
 C = Inter-level travel time spent in this place.
 D = Time resting spent in this place.
 E = Time spent auto-exploring this place.
 F = Levels seen in this place.
 G = Mean time per level.
                   A        B        C        D        E       F      G
               +--------+--------+--------+--------+--------+-----+--------+
         Total |   2062 |   2022 |     40 |    773 |    761 |   3 |  687.3 |
       Dungeon |   2062 |   2022 |     40 |    773 |    761 |   3 |  687.3 |
               +--------+--------+--------+--------+--------+-----+--------+

Top non-repeatable levels by time:
     D:1: 1104 daAuts
     D:2: 828 daAuts
     D:3: 129 daAuts
